 Dungeon Crawl Stone Soup version 0.26.0-45-g9c1d065592 (webtiles) character file.

Game seed: 8550724077464122552

71117 kaeus the Fighter (level 14, 0/107 (116) HPs)
             Began as a Demonspawn Fighter on Jan 28, 2021.
             Was the Champion of Qazlal.
             Killed from afar by an orc sorcerer (30 damage)
             ... with a bolt of negative energy
             ... on level 2 of the Orcish Mines.
             The game lasted 00:34:08 (22831 turns).

kaeus the Fighter (Demonspawn Fighter)             Turns: 22831, Time: 00:34:09

HP:   0/107 (116)   AC: 32    Str: 20      XL:     14   Next: 96%
MP:   0/14          EV:  7    Int:  0 (2)  God:    Qazlal [******]
Gold: 910           SH: 22    Dex: 17      Spells: 13/13 levels left

rFire    + + +     SeeInvis .   M - +7 dagger of Neumururgh {elec, rElec rF+ Int-3}
rCold    + . .     Faith    .   k - +1 kite shield {AC+3}
rNeg     . . .     Spirit   +   y - +8 chain mail of Dithmenos's Envy {Harm rF++ Int-5 Dex+3}
rPois    .         Reflect  .   w - +2 helmet
rElec    +         Harm     +   A - +0 cloak
rCorr    .         Rampage  .   B - +0 pair of gloves
Will     +....                  (boots unavailable)
Stlth    ..........             C - amulet of magic regeneration
HPRegen  0.27/turn              U - +4 ring of slaying
MPRegen  0.39/turn              I - ring of protection from cold

@: slowed, lost intelligence, studying Shields, drained, repel missiles, very
slow
A: talons 3, molten scales 2, demonic guardian 1, magic shield
a: Renounce Religion, Upheaval, Elemental Force, Disaster Area


You were on level 2 of the Orcish Mines.
You worshipped Qazlal.
Qazlal was exalted by your worship.
You visited 4 branches of the dungeon, and saw 21 of its levels.
You also visited: Bailey and Volcano.

You collected 1443 gold pieces.
You spent 533 gold pieces at shops.

Inventory:

Hand Weapons
 a - a +4 dagger of venom
 E - the +8 hand crossbow of Gloom {venom, rPois rF+ Dex-2}
   (You took it off a kobold in a bailey)

   It poisons the ammo it fires.
   It affects your dexterity (-2).
   It protects you from fire.
   It protects you from poison.
 M - the +7 dagger of Neumururgh (weapon) {elec, rElec rF+ Int-3}
   (You found it on level 1 of the Lair of Beasts)

   Occasionally, upon striking a foe, it can discharge electrical energy and
   cause terrible harm.
   It affects your intelligence (-3).
   It protects you from fire.
   It insulates you from electricity.
 S - the cursed +1 falchion of Evil {flame, rPois rN+++ Str-4 Dex+6}
   (You found it on level 6 of the Lair of Beasts)

   It has been specially enchanted to burn those struck by it, causing extra
   injury to most foes and up to half again as much damage against particularly
   susceptible opponents.
   Big, fiery blades are also staple armaments of hydra-hunters.
   It affects your strength (-4).
   It affects your dexterity (+6).
   It protects you from poison.
   It renders you almost immune to negative energy.
   It has a curse placed upon it.
Armour
 k - a +1 kite shield of protection (worn)
 w - a +2 helmet (worn)
 y - the +8 chain mail of Dithmenos's Envy (worn) {Harm rF++ Int-5 Dex+3}
   (You bought it in a shop on level 5 of the Dungeon)

   It affects your intelligence (-5).
   It affects your dexterity (+3).
   It greatly protects you from fire.
   It increases damage dealt and taken.
 A - a +0 cloak (worn)
 B - a +0 pair of gloves (worn)
Jewellery
 v - an uncursed ring of protection from fire
 z - an uncursed ring of flight
 C - an amulet of magic regeneration (around neck)
 D - the ring "Cibeipn" {rN+ MP+9 Int-3 Stlth+}
   (You took it off a kobold in a bailey)

   [ring of magical power]

   It affects your intelligence (-3).
   It protects you from negative energy.
   It affects your magic capacity (+9).
   It makes you more stealthy.
 H - an uncursed ring of magical power
 I - a ring of protection from cold (right hand)
 O - an uncursed ring of magical power
 Q - an uncursed amulet of the acrobat
 U - a +4 ring of slaying (left hand)
Wands
 b - a wand of iceblast (26)
 n - a wand of paralysis (28)
 u - a wand of polymorph (16)
 L - a wand of digging (7)
 P - a wand of flame (22)
Scrolls
 c - a scroll of holy word
 h - 10 scrolls of remove curse
 j - 3 scrolls of amnesia
 l - 5 scrolls of fear
 m - 12 scrolls of teleportation
 t - 4 scrolls of magic mapping
 J - a scroll of blinking
 R - 3 scrolls of vulnerability
Potions
 d - 3 potions of might
 e - 2 potions of mutation
 f - 2 potions of magic
 i - 2 potions of flight
 p - 2 potions of ambrosia
 q - 11 potions of curing
 r - 4 potions of lignification
 s - 2 potions of berserk rage
 x - 3 potions of attraction
 F - a potion of haste
 N - a potion of invisibility
Books
 g - a manual of Shields
Miscellaneous
 o - a lightning rod (4/4)
 K - a phial of floods


   Skills:
 + Level 12.3 Fighting
 + Level 11.0 Short Blades
 - Level 11.3 Crossbows
 + Level 11.3 Armour
 - Level 2.6 Stealth
 + Level 12.1 Shields


You had 13 spell levels left.
You didn't know any spells.
Your spell library contained the following spells:

 Spells                   Type           Power        Failure   Level
 Beastly Appendage        Tmut           0%           100%        1
 Corona                   Hex            0%           100%        1
 Magic Dart               Conj           0%           100%        1
 Summon Small Mammal      Summ           0%           100%        1
 Call Imp                 Summ           0%           100%        2
 Ensorcelled Hibernation  Hex/Ice        0%           100%        2
 Searing Ray              Conj           0%           100%        2
 Wereblood                Tmut           0%           100%        2
 Call Canine Familiar     Summ           0%           100%        3
 Confusing Touch          Hex            0%           100%        3
 Dazzling Flash           Conj/Hex       0%           100%        3
 Spider Form              Tmut/Pois      0%           100%        3
 Summon Guardian Golem    Hex/Summ       0%           100%        3
 Tukima's Dance           Hex            0%           100%        3
 Fulminant Prism          Conj/Hex       0%           100%        4
 Ice Form                 Ice/Tmut       0%           100%        4
 Iskenderun's Mystic Bla  Conj/Tloc      0%           100%        4
 Summon Ice Beast         Ice/Summ       0%           100%        4
 Summon Lightning Spire   Summ/Air       0%           100%        4
 Blade Hands              Tmut           0%           100%        5


Dungeon Overview and Level Annotations

Branches:
Dungeon (12/15)            Temple (1/1) D:6            Lair (6/6) D:11
 Shoals (0/4) Lair:3       Spider (0/4) Lair:4        Slime (0/5) Lair:5
    Orc (2/2) D:12            Elf (0/3) Orc:2        Bailey (visited)
Volcano (visited)

Altars:
Ashenzari
Cheibriados
Dithmenos
Elyvilon
Fedhas
Gozag
Hepliaklqana
Kikubaaqudgha
Makhleb
Nemelex Xobeh
Okawaru
Qazlal
Ru
Sif Muna
Trog
Uskayaw
Vehumet
Wu Jian
Xom
Yredelemnul
Zin
The Shining One

Shops:
D:5 [[   D:10 *?:}(   D:12 }

Annotations:
D:5 1 runed translucent door, Crazy Yiuf


Innate Abilities, Weirdness & Mutations

You have claws for feet.
You are mostly covered in molten scales. (AC +3)
A weak demonic guardian rushes to your aid.
When hurt, damage is shared between your health and your magic reserves.


Message History

Your quasit claws the sun demon but does no damage.
Your quasit barely misses the sun demon.
The neqoxec gestures.
The sun demon hits your quasit!!
Your quasit dies!
The orc sorcerer points at you and mumbles some strange words.
The bolt of negative energy hits the sun demon.
The sun demon completely resists.
The bolt of negative energy hits you!
You feel drained.
* * * LOW HITPOINT WARNING * * *
You block the sun demon's attack.
You take 15 damage, and have 29/113 hp.
You now have 9/14 mp.
You hear a shout!
The orc sorcerer casts a spell at you.
The bolt of negative energy hits the neqoxec.
The neqoxec completely resists.
The bolt of negative energy hits the sun demon.
The sun demon completely resists.
The bolt of negative energy hits you!!
You feel drained.
You die...

**,*,*>,,.............
******,,,............
**,,###....o.$#)
*,##o##.....o))
*##o§o##..)..#[
###o5≈≈ooo.#.###
####)3§§≈≈≈oo####
##.#3##§≈≈≈≈ooo#
#..@####≈≈≈##.## ##.##
##§##.o## ### ####.oo#
###.^.## ##....#####**
####...........,
****##.....o.ooo....,
**,**.o.....o.o..####*
*,,,,..o...#.o...#∩,,,


You could see a sun demon (summoned), a neqoxec (summoned), an orc sorcerer, 2
orc warriors and a white imp (summoned).

Vanquished Creatures
  The ghost of Tinen the Brawler, a journeyman TrMo of Wu Jian (D:12)
  A red draconian (Volcano)
  An ettin (D:12)
  Josephine (Lair:5)
  Erica (D:8)
  3 hydras
  2 boulder beetles
  A catoblepas (Lair:6)
  2 two-headed ogres
  14 death yaks
  An orc high priest (Orc:2)
  Sonja (D:12)
  A salamander mystic (Volcano)
  An unseen horror (D:11)
  A wizard (D:11)
  8 orc knights (Orc:2)
  An orc sorcerer (Orc:2)
  An ugly thing (D:12)
  3 cyclopes
  3 salamanders (Volcano)
  3 centaur zombies
  A black mamba (Lair:4)
  Maurice (Orc:1)
  20 cane toads
  Maggie (D:10)
  An eye of devastation (Lair:5)
  2 gargoyles
  2 torpor snails
  5 rime drakes
  7 komodo dragons
  10 trolls
  2 polar bears (Lair:4)
  5 tyrant leeches (Lair:6)
  A hornet (D:8)
  3 slime creatures (D:12)
  10 dream sheep (Lair:5)
  24 blink frogs
  A redback (Lair:4)
  5 wyverns
  6 wraiths
  26 yaks
  6 basilisks
  7 fire bats (Volcano)
  9 vampire mosquitoes
  7 wargs
  11 water moccasins
  3 ice beasts
  2 black bears
  26 orc warriors
  A sky beast (D:8)
  3 phantoms
  3 eyes of draining
  9 ogres
  9 centaurs
  A big kobold (D:11)
  Blork the orc (D:5)
  29 bullfrogs
  A wyvern zombie (D:12)
  A gnoll sergeant (D:9)
  2 scorpions (D:9)
  A water moccasin skeleton (D:8)
  8 killer bees (D:10)
  2 vampire bats (D:7)
  3 wights (D:9)
  A howler monkey (D:5)
  A quasit (D:11)
  3 bullfrog zombies
  7 lava snakes (Volcano)
  5 jellies
  11 orc priests
  10 hounds
  A centaur skeleton (D:9)
  A bullfrog skeleton (D:6)
  Jessica (D:3)
  Terence (D:3)
  5 hell rats (Lair:1)
  5 iguanas
  11 orc wizards
  5 worker ants
  A hound skeleton (D:9)
  A worker ant zombie (D:9)
  Robin (D:4)
  5 adders
  4 gnolls
  A shadow imp (D:6)
  An ooze (D:5)
  3 worms
  3 dart slugs
  5 leopard geckos
  59 orcs
  2 bat skeletons (D:7)
  2 bat zombies (D:7)
  7 giant cockroaches
  8 hobgoblins
  9 jackals
  19 kobolds
  3 quokkas
  A ball python (D:5)
  7 bats
  7 frilled lizards
  A giant cockroach zombie (D:6)
  17 goblins
  A leopard gecko skeleton (D:7)
  2 quokka skeletons
  2 rats (D:1)
569 creatures vanquished.

Vanquished Creatures (collateral kills)
  A two-headed ogre (D:9)
  2 black mambas
  A cane toad (Lair:6)
  2 komodo dragons
  2 blink frogs
  A redback (Lair:4)
  A basilisk (Lair:2)
  A yak (Lair:6)
  A phantom (D:5)
  An ogre (D:7)
  An orc warrior (Bailey)
  A centaur (D:8)
  2 bullfrogs
  2 scorpions (D:4)
  An orc wizard (D:5)
  A bullfrog skeleton (D:9)
  An ufetubus (D:5)
  A leopard gecko (D:4)
  6 orcs
  A kobold (Bailey)
  A frilled lizard (D:4)
  2 goblins (D:4)
33 creatures vanquished.

Vanquished Creatures (others)
  An orc wizard (D:11)
  16 fungi
  55 plants
72 creatures vanquished.

Grand Total: 674 creatures vanquished

Notes
Turn   | Place    | Note
-------+----------+-------------------------------------------
     0 | D:1      | kaeus the Demonspawn Fighter began the quest for the Orb.
     0 | D:1      | Reached XP level 1. HP: 18/18 MP: 1/1
   233 | D:1      | Gained mutation: When hurt, damage is shared between your
                  | health and your magic reserves. [demonic ancestry]
   233 | D:1      | Reached XP level 2. HP: 23/24 MP: 2/2
   521 | D:1      | Gained mutation: You have sharp toenails. [demonic
                  | ancestry]
   521 | D:1      | Reached XP level 3. HP: 28/29 MP: 1/3
  1700 | D:3      | Noticed Jessica
  1708 | D:3      | Killed Jessica
  1709 | D:3      | Gained mutation: A weak demonic guardian rushes to your
                  | aid. [demonic ancestry]
  1709 | D:3      | Reached XP level 4. HP: 33/36 MP: 2/4
  1744 | D:3      | Noticed Terence
  1758 | D:3      | Killed Terence
  1959 | D:3      | Found a shadowy altar of Dithmenos.
  1960 | D:3      | Found a glowing silver altar of Zin.
  1960 | D:3      | Found a sparkling altar of Nemelex Xobeh.
  1960 | D:3      | Found a bloodstained altar of Trog.
  2078 | D:3      | Found a hide-covered altar of Uskayaw.
  2078 | D:3      | Found a glowing golden altar of the Shining One.
  2202 | D:4      | Gained mutation: You are partially covered in molten
                  | scales. (AC +2) [demonic ancestry]
  2202 | D:4      | Reached XP level 5. HP: 38/42 MP: 3/5
  2291 | D:4      | Noticed Robin
  2923 | D:4      | Killed Robin
  3013 | D:4      | Reached XP level 6. HP: 40/48 MP: 6/6
  3244 | D:4      | Found an iron altar of Okawaru.
  3560 | D:5      | Entered Level 5 of the Dungeon
  3683 | D:5      | Gained mutation: You are mostly covered in molten scales.
                  | (AC +3) [demonic ancestry]
  3683 | D:5      | Reached XP level 7. HP: 53/55 MP: 7/7
  3783 | D:5      | Found Mups's Antique Armour Boutique.
  3825 | D:5      | Bought a dazzling chain mail for 228 gold pieces
  3835 | D:5      | Identified the +8 chain mail of Dithmenos's Envy {Harm rF++
                  | Int-5 Dex+3} (You bought it in a shop on level 5 of the
                  | Dungeon)
  3888 | D:5      | Found a runed translucent door.
  3889 | D:5      | Noticed Crazy Yiuf
  3957 | D:5      | Found Doocvemn's Antique Armour Shoppe.
  4014 | D:5      | Noticed Blork the orc
  4019 | D:5      | Killed Blork the orc
  4020 | D:5      | Reached skill level 5 in Fighting
  4520 | D:6      | Noticed a two-headed ogre
  4528 | D:6      | Killed a two-headed ogre
  4529 | D:6      | Reached skill level 5 in Short Blades
  4529 | D:6      | Reached skill level 5 in Armour
  4529 | D:6      | Reached skill level 5 in Shields
  4529 | D:6      | Reached XP level 8. HP: 56/64 MP: 8/8
  4805 | D:6      | Found a staircase to the Ecumenical Temple.
  5561 | Temple   | Entered the Ecumenical Temple
  5652 | Temple   | Became a worshipper of Qazlal Stormbringer
  5786 | D:7      | Reached XP level 9. HP: 71/71 MP: 9/9
  6416 | D:7      | Found a snail-covered altar of Cheibriados.
  6623 | D:7      | Found an ancient bone altar of Kikubaaqudgha.
  7029 | D:8      | Noticed Erica
  7069 | D:8      | Killed Erica
  7526 | D:8      | Reached * piety under Qazlal
  7840 | D:9      | Gained mutation: You have razor-sharp toenails. [demonic
                  | ancestry]
  7840 | D:9      | Reached XP level 10. HP: 56/80 MP: 10/10
  7854 | D:9      | Found a flagged portal.
  7922 | Bailey   | Entered a bailey
  8163 | Bailey   | Identified the ring "Cibeipn" {rN+ MP+9 Int-3 Stlth+}
  8268 | Bailey   | Identified the +8 hand crossbow of Gloom {venom, rPois rF+
                  | Dex-2}
  8673 | D:9      | Reached ** piety under Qazlal
  8678 | D:9      | Noticed a two-headed ogre
  8687 | D:9      | Killed a two-headed ogre
  8688 | D:9      | Reached skill level 1 in Crossbows
  8688 | D:9      | Reached skill level 1 in Stealth
  9423 | D:10     | Entered Level 10 of the Dungeon
  9764 | D:10     | Found Nep Zoin's Book Shop.
  9769 | D:10     | Found Jidghorgh's Magic Scroll Shop.
  9777 | D:10     | Bought a scroll of enchant weapon for 75 gold pieces
  9777 | D:10     | Bought a scroll of enchant armour for 75 gold pieces
  9819 | D:10     | Found Zupid's Assorted Antiques.
  9824 | D:10     | Bought a peridot ring for 155 gold pieces
  9894 | D:10     | Noticed Maggie
  9919 | D:10     | Killed Maggie
 10006 | D:10     | Found Dyddy's Antique Weapon Shoppe.
 10134 | D:10     | Found Ocicoin's Gadget Emporium.
 10204 | D:11     | Noticed a wizard
 10211 | D:11     | Killed a wizard
 10239 | D:11     | Reached XP level 11. HP: 78/87 MP: 11/11
 10314 | D:11     | Reached *** piety under Qazlal
 10551 | D:11     | Found a staircase to the Lair.
 10741 | D:11     | Noticed a boulder beetle
 10753 | D:11     | Killed a boulder beetle
 10754 | D:11     | Reached skill level 5 in Crossbows
 10762 | D:11     | Killed an unseen horror
 11992 | Lair:1   | Entered Level 1 of the Lair of Beasts
 12531 | Lair:1   | Noticed a seven-headed hydra
 12542 | Lair:1   | Killed a seven-headed hydra
 12568 | Lair:1   | Reached **** piety under Qazlal
 13360 | Lair:1   | Got a fine dagger
 13361 | Lair:1   | Lost intelligence.
 13361 | Lair:1   | Identified the +7 dagger of Neumururgh {elec, rElec rF+
                  | Int-3} (You found it on level 1 of the Lair of Beasts)
 13405 | Lair:1   | Got a slimy lajatang
 13406 | Lair:1   | Identified the +3 lajatang of Ytoamp {protect, rC++} (You
                  | found it on level 1 of the Lair of Beasts)
 13437 | Lair:2   | Gained mutation: You have claws for feet. [demonic
                  | ancestry]
 13437 | Lair:2   | Reached XP level 12. HP: 93/96 MP: 12/12
 13541 | Lair:2   | Noticed a six-headed hydra
 13548 | Lair:2   | Killed a six-headed hydra
 13716 | Lair:2   | Reached skill level 10 in Fighting
 15578 | Lair:3   | Noticed a boulder beetle
 15580 | Lair:3   | Found a hide-covered altar of Uskayaw.
 15588 | Lair:3   | Killed a boulder beetle
 15603 | Lair:3   | Found an ornate altar of the Wu Jian Council.
 15745 | Lair:3   | Found a staircase to the Shoals.
 16635 | Lair:4   | Found a hole to the Spider Nest.
 16875 | Lair:4   | Got a bone war axe
 17005 | Lair:4   | Identified the cursed +1 war axe "Irchuc" {vorpal, +Blink
                  | rC- Int+4 SInv} (You found it on level 4 of the Lair of
                  | Beasts)
 17440 | Lair:5   | Noticed a death yak
 17440 | Lair:5   | Noticed a death yak
 17440 | Lair:5   | Noticed a death yak
 17440 | Lair:5   | Noticed a death yak
 17441 | Lair:5   | Noticed a death yak
 17441 | Lair:5   | Noticed a death yak
 17453 | Lair:5   | Killed a death yak
 17461 | Lair:5   | Killed a death yak
 17484 | Lair:4   | Killed a death yak
 17488 | Lair:4   | Killed a death yak
 17494 | Lair:4   | Killed a death yak
 17726 | Lair:4   | Killed a death yak
 17727 | Lair:4   | Reached XP level 13. HP: 98/104 MP: 11/13
 17752 | Lair:5   | Noticed Josephine
 17762 | Lair:5   | Killed Josephine
 17790 | Lair:5   | Reached ***** piety under Qazlal
 18397 | Lair:5   | Found a staircase to the Slime Pits.
 18422 | Lair:5   | Reached skill level 10 in Shields
 18846 | Lair:6   | Entered Level 6 of the Lair of Beasts
 18885 | Lair:6   | Reached skill level 10 in Armour
 18898 | Lair:6   | Reached skill level 10 in Crossbows
 19044 | Lair:6   | Reached skill level 10 in Short Blades
 19297 | Lair:6   | Reached ****** piety under Qazlal
 19298 | Lair:6   | Reached XP level 14. HP: 102/113 MP: 12/14
 20512 | Lair:6   | Got a bone falchion
 20513 | Lair:6   | Identified the cursed +1 falchion of Evil {flame, rPois
                  | rN+++ Str-4 Dex+6} (You found it on level 6 of the Lair of
                  | Beasts)
 20940 | D:12     | Noticed Sonja
 20974 | D:12     | Killed Sonja
 21227 | D:12     | Found Etrat's Gadget Boutique.
 21250 | D:12     | Found a staircase to the Orcish Mines.
 21414 | D:12     | Found a runed translucent door.
 21414 | D:12     | Noticed Tinen's ghost (journeyman TrMo)
 21557 | D:12     | Killed Tinen's ghost
 21746 | Orc:1    | Entered Level 1 of the Orcish Mines
 21759 | Orc:1    | Noticed Maurice
 21777 | Orc:1    | Killed Maurice
 21826 | Orc:1    | You fall into a shaft and drop 1 floor!
 21826 | Orc:2    | Entered Level 2 of the Orcish Mines
 22013 | Orc:2    | Found a dark tunnel.
 22018 | Volcano  | Entered a volcano
 22626 | Volcano  | Found a burning altar of Makhleb.
 22826 | Orc:2    | Lost intelligence.
 22831 | Orc:2    | Killed from afar by an orc sorcerer

Illustrated notes

Levels and vault maps discovered:
D:1:      heliophobic_arrival_dark_side_of_the_moon, layout_basic,
          minmay_lizard_pond
D:2:      layout_basic
D:3:      layout_rooms, minmay_overflow_temple_hex, uniq_terence, uniq_jessica
D:4:      layout_cave_pools, okawaru_trees_2, uniq_robin
D:5:      layout_rooms, serial_shops, shop, kennysheep_little_box,
          uniq_crazy_yiuf_cottage, uniq_blork_the_orc
D:6:      minmay_chambers_of_sixes, layout_basic,
          minmay_temple_entry_enclosed_plants, minmay_crystal_room
D:7:      layout_layer_cave, kennysheep_vampire_church,
          nicolae_overflow_crystal_walls
D:8:      layout_rooms, uniq_erica
D:9:      layout_stronghold, enter_bailey_2
D:10:     layout_loops_ring, serial_shops, shop, shop, shop, shop,
          kennysheep_mini, uniq_maggie
D:11:     layout_basic, erik_lair_orcish_takeover, kennysheep_dice
D:12:     layout_roguey, david_orc_3, serial_shops, shop_statue,
          ebering_ghost_inner_flame, uniq_sonja
Temple:   nicolae_temple_great_sept
Lair:1:   layout_chaotic_city, grunt_megastairs_4, infiniplex_staircase_pool_2
Lair:2:   layout_cave_pods, chequers_serial_rivers_room_b
Lair:3:   layout_cave_pods, minmay_shoals_entry_centaurs, minivault_25,
          nzn_masters_of_martial_movement, grunt_megastairs_3
Lair:4:   layout_regular_city, spider_nest_entry_funnel_web, grunt_megastairs_2
Lair:5:   layout_small_grid, minmay_slime_entry_eyes, uniq_josephine
Lair:6:   minmay_lair_end_frog_pond, layout_cave_pods
Orc:1:    layout_diamond_mine, nicolae_orc_damp_corner, nicolae_orc_lava_tube,
          nicolae_orc_flooded_monolith, uniq_snorg, uniq_maurice
Orc:2:    st_orc_town, layout_diamond_mine, enter_volcano_4

Skill      XL: |  1  2  3  4  5  6  7  8  9 10 11 12 13 14 |
---------------+-------------------------------------------+-----
Short Blades   | 2 3 5 6 7 8 9 10 11 | 11.0
Shields        | 3 4 5 6 7 8 9 10 12 | 12.1
Armour         | 3 4 5 6 7 8 9 10 11 | 11.3
Fighting       | 4 6 7 8 9 10 11 12 | 12.3
Crossbows      | 4 6 9 10 11 | 11.3
Stealth        | 2 |  2.6

Action                   |  1- 3 |  4- 6 |  7- 9 | 10-12 | 13-15 || total
-------------------------+-------+-------+-------+-------+-------++-------
Melee: Rapier            |   116 |    70 |       |       |       ||   186
       Kick              |    14 |    44 |   119 |   333 |   256 ||   766
       Unarmed           |       |    10 |       |       |       ||    10
       Dagger            |       |    89 |   321 |   736 |   685 ||  1831
 Fire: Hand crossbow     |       |       |       |       |   149 ||   149
 Abil: Evoke Flight      |       |       |       |     1 |       ||     1
  Use: Scroll            |       |     1 |    13 |    15 |    13 ||    42
       Potion            |       |       |       |     2 |     5 ||     7
 Stab: Distracted        |       |       |     2 |     4 |     6 ||    12
       Petrifying        |       |       |       |       |     1 ||     1
Armor: Scale mail        |    54 |    80 |     9 |       |       ||   143
       Chain mail        |       |       |   140 |   329 |   186 ||   655
Dodge: Dodged            |    41 |    61 |    39 |   145 |    93 ||   379
       Repelled          |       |       |       |       |     3 ||     3
Block: Kite shield       |    55 |    88 |   124 |   700 |   638 ||  1605
